 Dungeon Crawl Stone Soup version 0.27.1 (webtiles) character file.

Game seed: 121394412284217356

348053 bearlyready the Spry (level 22, -4/175 HPs)
             Began as a Gnoll Monk on Aug 16, 2021.
             Was an Initiate of Gozag.
             Slain by a stone giant (24 damage)
             ... on level 5 of the Vaults on Aug 26, 2021.
             The game lasted 02:46:45 (70243 turns).

bearlyready the Spry (Gnoll Monk)                  Turns: 70243, Time: 02:46:45

Health: -4/175     AC: 34    Str: 18    XL:     22   Next: 15%
Magic:  40/40      EV: 11    Int: 12    God:    Gozag
Gold:   7198       SH: 18    Dex: 13    Spells: 40/49 levels left

rFire    + . .     SeeInvis .   T - +8 autumn katana {vorpal, Clar}
rCold    + . .     Faith    .   x - +0 kite shield
rNeg     + . .     Spirit   .   G - +3 plate armour
rPois    +         Reflect  +   W - +2 hat {Stlth+}
rElec    +         Harm     .   h - +2 cloak
rCorr    +         Rampage  .   Y - +0 pair of gloves
Will     +....     Clarity  +   Q - +2 pair of boots of the Eagle {rN+ Dex-2 Stlth+}
Stlth    +++.......             v - amulet of reflection
HPRegen  0.39/turn              C - +4 ring of slaying
MPRegen  0.27/turn              r - +4 ring of protection

@: resistant, hasted, very quick
A: fangs 1, strong nose, distributed training
}: 2/15 runes: decaying, gossamer
a: Renounce Religion, Potion Petition, Call Merchant, Bribe Branch


You were on level 5 of the Vaults.
You worshipped Gozag.
Gozag was greatly pleased with you.
You visited 6 branches of the dungeon, and saw 36 of its levels.
You visited the Abyss 2 times.
You also visited: Ossuary and Volcano.

You collected 16044 gold pieces.
You spent 3291 gold pieces at shops.
You paid 5555 gold pieces to Gozag.

Inventory:

Hand Weapons
 I - the +8 morningstar of the Hungering Priest {protect, rElec rCorr}
   (You took it off an orc wizard on level 7 of the Dungeon)

   It grants its wielder temporary protection when it strikes (+7 to AC).
   rElec:     It insulates you from electricity.
   rCorr:     It protects you from acid and corrosion.
 T - the +8 autumn katana (weapon) {vorpal, Clar}
   (You found it on level 3 of the Swamp)

   It inflicts extra damage upon your enemies.
   Clar:      It protects you against confusion.
Missiles
 q - an atropa-tipped dart
 y - 3 boomerangs of dispersal
 z - 22 boomerangs (quivered)
 E - 26 stones
 H - 121 poisoned darts
Armour
 h - a +2 cloak (worn)
 n - a +0 pair of boots
 x - a +0 kite shield (worn)
 G - a +3 plate armour (worn)
 Q - the +2 pair of boots of the Eagle (worn) {rN+ Dex-2 Stlth+}
   (You bought it in a shop on level 8 of the Dungeon)

   Dex:       It affects your dexterity (-2).
   rN:        It protects you from negative energy.
   Stlth:     It makes you more stealthy.
 W - a +2 hat of stealth (worn)
 Y - a +0 pair of gloves (worn)
Jewellery
 g - the ring of the Raven {rN+ Dex+6 SInv}
   (You bought it in a shop on level 10 of the Dungeon)

   [ring of see invisible]

   Dex:       It affects your dexterity (+6).
   rN:        It protects you from negative energy.
   SInv:      It lets you see invisible.
 r - a +4 ring of protection (right hand)
 v - an amulet of reflection (around neck)
 C - a +4 ring of slaying (left hand)
Wands
 f - a wand of iceblast (7)
 m - a wand of digging (4)
 B - a wand of flame (98)
 M - a wand of mindburst (45)
 Z - a wand of polymorph (52)
Scrolls
 b - 3 scrolls of amnesia
 j - 7 scrolls of identify
 l - 6 scrolls of vulnerability
 o - 8 scrolls of teleportation
 p - 6 scrolls of magic mapping
 w - 6 scrolls of enchant weapon
 D - 5 scrolls of immolation
 F - a scroll of fog
 J - a scroll of blinking
 P - 4 scrolls of brand weapon
 R - 8 scrolls of enchant armour
 U - 2 scrolls of silence
Potions
 a - 2 potions of invisibility
 c - 7 potions of brilliance
 d - a potion of berserk rage
 e - 4 potions of curing
 i - 5 potions of resistance
 k - 2 potions of haste
 t - 4 potions of magic
 u - 7 potions of ambrosia
 A - 4 potions of lignification
 L - 5 potions of cancellation
 O - 9 potions of attraction
 S - 3 potions of flight
 V - 6 potions of mutation
Miscellaneous
 s - a box of beasts
 X - a phial of floods


   Skills:
 + Level 15.2 Fighting
 + Level 14.1 Short Blades
 + Level 14.1 Long Blades
 + Level 14.1 Axes
 + Level 15.2 Maces & Flails
 + Level 14.1 Polearms
 + Level 14.1 Staves
 + Level 14.1 Slings
 + Level 14.1 Bows
 + Level 14.1 Crossbows
 + Level 14.1 Throwing
 + Level 14.1 Armour
 + Level 15.2 Dodging
 + Level 14.6 Stealth
 + Level 14.1 Shields
 + Level 14.1 Unarmed Combat
 + Level 14.1 Spellcasting
 + Level 12.1 Conjurations
 + Level 12.1 Hexes
 + Level 12.1 Summonings
 + Level 12.1 Necromancy
 + Level 12.1 Translocations
 + Level 12.1 Transmutations
 + Level 12.1 Fire Magic
 + Level 12.1 Ice Magic
 + Level 12.1 Air Magic
 + Level 12.1 Earth Magic
 + Level 12.1 Poison Magic
 + Level 15.2 Invocations
 + Level 14.1 Evocations


You had 40 spell levels left.
You knew the following spells:

 Your Spells              Type           Power      Damage    Failure   Level
a - Wereblood             Tmut           37%        N/A       1%          2
b - Apportation           Tloc           74%        N/A       1%          1
c - Passwall              Tmut/Erth      30%        N/A       1%          2
d - Swiftness             Air            37%        N/A       2%          3
e - Animate Skeleton      Necr           74%        N/A       1%          1

Your spell library contained the following spells:

 Spells                   Type           Power      Damage    Failure   Level
 Corona                   Hex            41%        N/A       1%          1
 Sandblast                Erth           74%        2d16      1%          1
 Shock                    Conj/Air       100%       1d9       1%          1
 Summon Small Mammal      Summ           100%       N/A       1%          1
 Static Discharge         Conj/Air       37%        N/A       1%          2
 Sublimation of Blood     Necr           18%        N/A       1%          2
 Call Canine Familiar     Summ           37%        N/A       2%          3
 Dazzling Flash           Conj/Hex       74%        N/A       2%          3
 Ignite Poison            Fire/Tmut/Pois 37%        N/A       2%          3
 Mephitic Cloud           Conj/Pois/Air  37%        N/A       2%          3
 Summon Guardian Golem    Hex/Summ       37%        N/A       2%          3
 Airstrike                Air            18%        N/A       9%          4
 Animate Dead             Necr           18%        N/A       9%          4
 Dispel Undead            Necr           37%        3d15      9%          4
 Iskenderun's Mystic Bla  Conj/Tloc      37%        2d9       9%          4
 Petrify                  Tmut/Erth      37%        N/A       9%          4
 Sticky Flame             Conj/Fire      37%        2d6       9%          4
 Agony                    Necr           37%        N/A       26%         5
 Bolt of Magma            Conj/Fire/Erth 18%        4d10      26%         5
 Borgnjor's Vile Clutch   Necr/Erth      18%        N/A       26%         5
 Irradiate                Conj/Tmut      18%        3d19      26%         5
 Lee's Rapid Deconstruct  Erth           18%        3d12*     26%         5
 Lightning Bolt           Conj/Air       18%        1d33      26%         5
 Metabolic Englaciation   Hex/Ice        18%        N/A       26%         5
 Silence                  Hex/Air        18%        N/A       26%         5
 Death Channel            Necr           18%        N/A       80%         6
 Starburst                Conj/Fire      18%        6d7       80%         6
 Statue Form              Tmut/Erth      24%        N/A       80%         6
 Summon Hydra             Summ           18%        N/A       100%        7
 Maxwell's Capacitive Co  Air            18%        ∞         100%        8


Dungeon Overview and Level Annotations

Branches:
Dungeon (15/15)            Temple (0/1) D:4            Lair (6/6) D:9
  Swamp (4/4) Lair:3       Spider (4/4) Lair:4        Slime (0/5) Lair:6
    Orc (2/2) D:11            Elf (0/3) Orc:2        Vaults (5/5) D:13
  Crypt (0/3) Vaults:3     Depths (0/5) D:15        Ossuary (visited)
Volcano (visited)

Altars:
Ashenzari
Fedhas
Gozag
Makhleb
Yredelemnul
Zin
The Shining One
Beogh
Jiyva

Shops:
D:8 [=   D:10 ((:*=   D:11 *   D:15 *   Orc:1 :   Orc:2 :*[=[!((:   Vaults:2 (

Portals:
Trove: D:10 (give +4 shadow dragon scales)

Annotations:
Lair:3 exclusion: 2 oklob plants
Lair:6 exclusion: oklob plant


Innate Abilities, Weirdness & Mutations

You have very sharp teeth.
Your uncanny sense of smell can sniff out nearby items.
Your experience applies equally to all skills.


Message History

You reflect the large rock off an invisible shield around you!
The large rock hits the stone giant!
A deep troll earth mage comes into view.
You see here a potion of attraction.
Your surroundings suddenly seem different.
A shadow dragon and a floating eye come into view.
Found 42 sling bullets.
A merfolk comes into view.
The floating eye turns its gaze towards you.
The merfolk shouts!
The merfolk changes into a mana viper!
The floating eye's stare focuses on you.
The floating eye gazes piercingly through you!
You suddenly lose the ability to move!
Your primal bloodlust is almost over.
The mana viper changes into a salamander!
The salamander changes into a faun!
You can move again.
Unknown command.
You open the door.
A stone giant comes into view.
The faun changes into a redback!
The floating eye changes into an ettin!
Found four items.
Found a scroll of identify.
The stone giant shouts!
There is an open door here.
The stone giant barely misses you.
You riposte.
You completely miss the stone giant.
You see here an amulet of regeneration.
You close the door.
The stone giant hits you!
* * * LOW HITPOINT WARNING * * *
You slice the stone giant!!
The stone giant is moderately wounded.
Your primal bloodlust has ended.
You slice the stone giant!!
The stone giant is heavily wounded.
You feel your willpower return. The stone giant hits you!!
You die...
Your body crumbles into a pile of gold.

. ∆ #....# ..
$∆∆+....## ...
∆##.....##
....###........
...............
D..........### $
#.(.......##[##
#......(..#?C)#
#.........##@# .#
...........#+#..#
.........C......#
....###..........#
...#
$##...s.##...# ...
$∆∆#....## #..# #
∆ #....# ..# ##.
...... .# ...
...##.. #


You could see a stone giant.

Vanquished Creatures
  the Lernaean hydra (Swamp:4)
  Jorgrun (Swamp:2)
  A quicksilver dragon (Vaults:2)
  Kirke (Lair:6)
  2 tentacled starspawn (Abyss:2)
  The ghost of benadryl the Hoplite, an adept GrFi of Elyvilon (Spider:4)
  A shadow dragon (Vaults:1)
  A tengu reaver (Vaults:2)
  A thorn hunter (Swamp:3)
  A revenant (Abyss:4)
  2 sphinxes
  A frost giant (Vaults:1)
  5 ghost moths
  5 vault wardens
  3 orc warlords
  3 deep elf sorcerers
  8 emperor scorpions
  3 ghouls (Swamp:4)
  A very ugly thing (Vaults:2)
  11 ironbound preservers
  The ghost of ryw the Convoker, a journeyman DgSu (D:14)
  2 stone giants
  A spark wasp (Spider:4)
  2 entropy weavers
  The ghost of Necsenou the Fighter, a journeyman GnWn of Gozag (Orc:2)
  A deep elf annihilator (Vaults:5)
  2 bunyips
  A minotaur (Orc:2)
  6 dire elephants
  2 eleionomae
  Josephine (Orc:1)
  An ettin (Vaults:1)
  3 shambling mangroves
  A fire dragon (D:15)
  4 yaktaur captains
  2 great orbs of eyes
  A rakshasa (Abyss:2)
  An ice dragon (D:15)
  6 boulder beetles
  23 vault guards
  2 ironbound thunderhulks
  12 centaur warriors
  2 ogre magi (D:15)
  4 ironbound frosthearts
  4 alligators (Lair:3)
  A death knight (D:8)
  13 two-headed ogres
  23 hydras
  A tengu warrior (D:12)
  5 thrashing horrors
  4 orc high priests
  2 hell knights
  4 ironbound beastmasters
  A sun demon (Abyss:4)
  A shadow wraith (Vaults:2)
  4 skeletal warriors (D:12)
  5 wretched stars
  8 goliath frogs
  10 swamp dragons
  A spatial maelstrom (Abyss:2)
  9 bog bodies
  16 starcursed masses (Abyss:2)
  26 deep trolls
  5 lindwurms
  5 spriggan druids
  A glowing orange brain (Abyss:4)
  8 wizards
  2 deep elf zephyrmancers (D:15)
  2 phantasmal warriors (Vaults:5)
  2 necromancers (D:13)
  3 ironbound convokers
  7 orc knights
  19 orb spiders
  41 wolf spiders
  3 deep elf pyromancers
  A faun (shapeshifter) (D:14)
  5 harpies (Vaults:4)
  3 will-o-the-wisps
  14 elephants
  3 manticores
  2 worldbinders
  31 ugly things
  9 cyclopes
  4 black mambas
  5 smoke demons
  12 vault sentinels
  24 cane toads
  2 torpor snails
  An orange demon (Abyss:4)
  2 unseen horrors (D:7)
  A rime drake (Lair:6)
  2 efreet
  10 yaktaurs
  Maggie (D:7)
  2 ancient zymes
  18 demonic crawlers
  A tormentor (Abyss:2)
  A hellwing (Abyss:2)
  7 komodo dragons
  A tengu conjurer (D:9)
  28 jumping spiders
  10 tyrant leeches
  21 hornets
  A red devil (Volcano)
  3 polar bears (Lair:4)
  7 trolls
  36 slime creatures
  A wolf spider simulacrum (D:15)
  26 blink frogs
  8 large abominations
  18 raiju
  33 tarantellas
  5 flying skulls (Abyss:4)
  54 redbacks
  3 ynoxinuls
  4 wyverns
  9 wraiths
  9 spriggans
  18 humans
  6 hogs
  6 fire bats (Volcano)
  An ice dragon skeleton (Abyss:2)
  70 yaks
  3 basilisks
  2 steam dragons
  2 neqoxecs
  8 vampire mosquitoes
  Grum (Lair:1)
  Edmund (D:6)
  2 chaos spawn
  2 spatial vortices (Abyss:2)
  13 swamp worms
  3 wargs (Orc:2)
  10 small abominations
  The ghost of Naeght the Conjurer, an amateur DECj (D:3)
  An acid dragon (D:12)
  15 water moccasins
  10 swamp drakes
  2 sky beasts (D:7)
  4 black bears
  33 orc warriors
  13 ogres
  8 wolves
  3 boggarts (D:14)
  An ice beast (shapeshifter) (D:15)
  2 necrophages
  6 centaurs
  2 kobold brigands (D:10)
  2 elf skeletons (D:5)
  18 bullfrogs
  2 elf zombies (D:5)
  3 gnoll sergeants
  3 wyvern zombies
  9 scorpions
  8 water moccasin zombies
  A swamp dragon simulacrum (Abyss:4)
  10 killer bees
  8 wights
  3 electric eels
  5 howler monkeys
  A bullfrog zombie (D:6)
  4 lava snakes (Volcano)
  A quasit (Abyss:4)
  3 gnoll shamans
  6 centaur zombies
  A jelly (D:8)
  15 orc priests
  2 bullfrog skeletons
  3 centaur skeletons (D:7)
  3 hounds
  5 iron imps
  27 orc wizards
  2 killer bee zombies (D:7)
  A hound zombie (D:3)
  3 mummies
  Robin (D:4)
  17 gnolls
  2 howler monkey skeletons
  8 adders
  A shadow imp (D:7)
  2 white imps
  3 ufetubi (Abyss:2)
  An adder skeleton (D:4)
  2 adder zombies (Ossuary)
  A worm (D:4)
  3 dart slugs
  78 orcs
  6 ball pythons
  5 endoplasms
  A giant cockroach (D:4)
  14 goblins
  8 hobgoblins
  4 jackals (D:1)
  6 kobolds
  3 quokkas
  4 bats
  2 frilled lizards (D:1)
  5 gnoll zombies (Ossuary)
  5 hobgoblin zombies (Ossuary)
  5 kobold zombies (Ossuary)
  2 orc skeletons (D:5)
  3 orc zombies (Ossuary)
  A quokka zombie (D:3)
  6 rats
1406 creatures vanquished.

Vanquished Creatures (collateral kills)
  Donald (Vaults:2)
  A vault warden (Vaults:5)
  An ironbound preserver (Vaults:3)
  3 vault guards
  An ironbound thunderhulk (Vaults:3)
  2 ironbound frosthearts
  A deep troll (Vaults:3)
  A wizard (Vaults:3)
  2 ironbound convokers (Vaults:3)
  4 ugly things
  A vault sentinel (Vaults:3)
  An orc warrior (Orc:2)
  An orc priest (Orc:2)
  2 orc wizards (Orc:2)
  4 orcs (Orc:2)
26 creatures vanquished.

Vanquished Creatures (others)
  A titan (Vaults:5)
  A lich (Vaults:5)
  2 sphinxes
  2 ironbound preservers (Vaults:3)
  A stone giant (Vaults:5)
  Nessos (D:14)
  A dire elephant (Vaults:3)
  2 death knights (Vaults:3)
  2 yaktaur captains (Vaults:4)
  4 vault guards
  An ironbound frostheart (Vaults:1)
  4 ironbound beastmasters
  3 deep trolls (Vaults:3)
  3 lindwurms
  2 wizards
  An ironbound convoker (Vaults:2)
  An ugly thing (Vaults:4)
  2 vault sentinels (Vaults:4)
  A smoke demon (Abyss:4)
  4 yaktaurs
  A jumping spider (Spider:3)
  A redback (Spider:4)
  2 hell hounds (Volcano)
  14 foxfires
  98 fungi
  116 plants
  15 starspawn tentacles
286 creatures vanquished.

Grand Total: 1718 creatures vanquished

Notes
Turn   | Place    | Note
-------+----------+-------------------------------------------
     0 | D:1      | bearlyready the Gnoll Monk began the quest for the Orb.
     0 | D:1      | Reached XP level 1. HP: 23/23 MP: 1/1
   235 | D:1      | Reached XP level 2. HP: 24/29 MP: 2/2
   442 | D:1      | Reached XP level 3. HP: 35/35 MP: 3/3
  1338 | D:2      | Reached skill level 1 in Invocations
  1727 | D:2      | Reached skill level 1 in Short Blades
  1727 | D:2      | Reached skill level 1 in Long Blades
  1727 | D:2      | Reached skill level 1 in Axes
  1727 | D:2      | Reached skill level 1 in Polearms
  1727 | D:2      | Reached skill level 1 in Staves
  1727 | D:2      | Reached skill level 1 in Slings
  1727 | D:2      | Reached skill level 1 in Bows
  1727 | D:2      | Reached skill level 1 in Crossbows
  1727 | D:2      | Reached skill level 1 in Throwing
  1727 | D:2      | Reached skill level 1 in Armour
  1727 | D:2      | Reached skill level 1 in Shields
  1727 | D:2      | Reached skill level 1 in Unarmed Combat
  1727 | D:2      | Reached skill level 1 in Spellcasting
  1727 | D:2      | Reached skill level 1 in Evocations
  1727 | D:2      | Reached XP level 4. HP: 41/41 MP: 5/5
  1780 | D:2      | Found a faded altar of an unknown god.
  2248 | D:2      | Reached skill level 1 in Conjurations
  2248 | D:2      | Reached skill level 1 in Hexes
  2248 | D:2      | Reached skill level 1 in Summonings
  2248 | D:2      | Reached skill level 1 in Necromancy
  2248 | D:2      | Reached skill level 1 in Translocations
  2248 | D:2      | Reached skill level 1 in Transmutations
  2248 | D:2      | Reached skill level 1 in Fire Magic
  2248 | D:2      | Reached skill level 1 in Ice Magic
  2248 | D:2      | Reached skill level 1 in Air Magic
  2248 | D:2      | Reached skill level 1 in Earth Magic
  2248 | D:2      | Reached skill level 1 in Poison Magic
  2308 | D:3      | Reached XP level 5. HP: 41/47 MP: 5/7
  2693 | D:3      | Found a runed translucent gate.
  2693 | D:3      | Found a runed translucent gate.
  2693 | D:3      | Found a runed translucent gate.
  2693 | D:3      | Noticed Naeght's ghost (amateur DECj)
  2695 | D:3      | Found a basalt altar of Yredelemnul.
  2956 | D:4      | Noticed Robin
  2968 | D:4      | Reached XP level 6. HP: 37/53 MP: 8/8
  3197 | D:4      | Killed Robin
  3271 | D:4      | Found a broken altar of Ashenzari.
  3302 | D:4      | Found a glowing silver altar of Zin.
  4004 | D:5      | Entered Level 5 of the Dungeon
  4076 | D:5      | Reached XP level 7. HP: 18/60 MP: 10/10
  4155 | D:5      | Found a sand-covered staircase.
  4257 | Ossuary  | Entered an ossuary
  4401 | Ossuary  | Reached skill level 5 in Stealth
  4496 | Ossuary  | Reached XP level 8. HP: 65/67 MP: 12/12
  5602 | D:5      | Found an opulent altar of Gozag.
  5865 | D:5      | Became a worshipper of Gozag Ym Sagoz the Greedy
  6739 | D:6      | Reached XP level 9. HP: 59/72 MP: 14/14
  6915 | D:6      | Noticed Edmund
  6932 | D:6      | Killed Edmund
  8431 | D:7      | Noticed a manticore
  8703 | D:8      | Reached skill level 5 in Invocations
  9033 | D:8      | Found Bapuo's Jewellery Shop.
  9091 | D:8      | Noticed an efreet
  9332 | D:7      | Noticed a boulder beetle
  9345 | D:7      | Reached XP level 10. HP: 72/80 MP: 17/17
  9397 | D:7      | Noticed a cyclops
  9598 | D:7      | Reached skill level 5 in Short Blades
  9598 | D:7      | Reached skill level 5 in Long Blades
  9598 | D:7      | Reached skill level 5 in Axes
  9598 | D:7      | Reached skill level 5 in Polearms
  9598 | D:7      | Reached skill level 5 in Staves
  9598 | D:7      | Reached skill level 5 in Slings
  9598 | D:7      | Reached skill level 5 in Bows
  9598 | D:7      | Reached skill level 5 in Crossbows
  9598 | D:7      | Reached skill level 5 in Throwing
  9598 | D:7      | Reached skill level 5 in Armour
  9598 | D:7      | Reached skill level 5 in Shields
  9598 | D:7      | Reached skill level 5 in Unarmed Combat
  9598 | D:7      | Reached skill level 5 in Spellcasting
  9598 | D:7      | Reached skill level 5 in Evocations
  9845 | D:8      | Noticed a death knight
 10000 | D:7      | Killed a cyclops
 10319 | D:7      | Killed a boulder beetle
 10368 | D:7      | Noticed Maggie
 10439 | D:7      | Killed a manticore
 10851 | D:7      | Identified the +8 morningstar of the Hungering Priest
                  | {protect, rElec rCorr}
 10899 | D:7      | Reached XP level 11. HP: 34/87 MP: 19/19
 11352 | D:7      | Found a burning altar of Makhleb.
 11357 | D:7      | Killed Maggie
 11737 | D:8      | Reached skill level 5 in Conjurations
 11737 | D:8      | Reached skill level 5 in Hexes
 11737 | D:8      | Reached skill level 5 in Summonings
 11737 | D:8      | Reached skill level 5 in Necromancy
 11737 | D:8      | Reached skill level 5 in Translocations
 11737 | D:8      | Reached skill level 5 in Transmutations
 11737 | D:8      | Reached skill level 5 in Fire Magic
 11737 | D:8      | Reached skill level 5 in Ice Magic
 11737 | D:8      | Reached skill level 5 in Air Magic
 11737 | D:8      | Reached skill level 5 in Earth Magic
 11737 | D:8      | Reached skill level 5 in Poison Magic
 12119 | D:8      | Found Ebrur's Antique Armour Shoppe.
 12122 | D:8      | Bought a pair of ichor-stained boots for 209 gold pieces
 12122 | D:8      | Identified the +2 pair of boots of the Eagle {rN+ Dex-2
                  | Stlth+} (You bought it in a shop on level 8 of the Dungeon)
 12592 | D:9      | Noticed a deep elf pyromancer
 12777 | D:9      | Found a staircase to the Lair.
 13102 | D:9      | Killed a deep elf pyromancer
 13471 | D:9      | Found a blossoming altar of Fedhas.
 13851 | D:10     | Entered Level 10 of the Dungeon
 13851 | D:10     | Found Jiaraepo's Book Shoppe.
 14054 | D:10     | Reached XP level 12. HP: 72/96 MP: 22/22
 14519 | D:10     | Found Rery's General Store.
 14532 | D:10     | Bought 14 poisoned darts for 89 gold pieces
 14532 | D:10     | Bought a scroll of identify for 32 gold pieces
 14674 | D:10     | Found a portal to a secret trove of treasure.
 14708 | D:10     | Found Cecopeub's Weapon Shoppe.
 14828 | D:10     | Noticed a two-headed ogre
 14835 | D:10     | Killed a two-headed ogre
 14880 | D:10     | Found Diodoco's Antique Weapon Emporium.
 15087 | D:10     | Found Inij's Jewellery Boutique.
 15248 | D:11     | Noticed a two-headed ogre
 15261 | D:11     | Killed a two-headed ogre
 15345 | D:11     | Found Ceguar's Assorted Antiques.
 15353 | D:11     | Bought a scroll of teleportation for 48 gold pieces
 15353 | D:11     | Bought a scroll of enchant armour for 120 gold pieces
 15353 | D:11     | Bought a scroll of identify for 32 gold pieces
 15617 | D:11     | Found a staircase to the Orcish Mines.
 16088 | D:11     | Noticed a two-headed ogre
 16096 | D:11     | Killed a two-headed ogre
 17117 | D:8      | Killed a death knight
 17118 | D:8      | Reached skill level 10 in Fighting
 17118 | D:8      | Reached skill level 10 in Maces & Flails
 17118 | D:8      | Reached skill level 10 in Dodging
 17425 | Lair:1   | Entered Level 1 of the Lair of Beasts
 17482 | Lair:1   | Noticed a five-headed hydra
 17502 | Lair:1   | Killed a five-headed hydra
 17810 | Lair:1   | Noticed a six-headed hydra
 17828 | Lair:1   | Killed a six-headed hydra
 18100 | Lair:1   | Reached XP level 13. HP: 77/103 MP: 24/24
 18422 | Lair:1   | Noticed Grum
 18438 | Lair:1   | Killed Grum
 19264 | Lair:2   | Found a dark tunnel.
 19305 | Volcano  | Entered a volcano
 19799 | Volcano  | HP: 5/104 [hell knight (4)]
 20162 | Volcano  | Found a bloodstained altar of Trog.
 20212 | Volcano  | Found a bloodstained altar of Trog.
 21328 | Lair:3   | Found a basalt altar of Yredelemnul.
 21483 | Lair:3   | Found a staircase to the Swamp.
 22649 | Lair:4   | Reached XP level 14. HP: 110/111 MP: 26/26
 23463 | Lair:4   | Found a hole to the Spider Nest.
 23481 | Lair:4   | Reached skill level 10 in Stealth
 24232 | Lair:5   | Identified the +7 rapier "Blob" {flame, Stlth+}
 24485 | Lair:6   | Entered Level 6 of the Lair of Beasts
 24485 | Lair:6   | Noticed Kirke
 24522 | Lair:6   | Reached skill level 10 in Invocations
 25228 | Lair:6   | Noticed a sphinx
 25238 | Lair:6   | Noticed a sphinx
 26374 | Lair:6   | Killed Kirke
 26536 | Lair:6   | Reached XP level 15. HP: 64/119 MP: 28/28
 27421 | Lair:6   | Found a viscous altar of Jiyva.
 27421 | Lair:6   | Found a staircase to the Slime Pits.
 29219 | D:13     | Reached skill level 10 in Short Blades
 29219 | D:13     | Reached skill level 10 in Long Blades
 29219 | D:13     | Reached skill level 10 in Axes
 29219 | D:13     | Reached skill level 10 in Polearms
 29219 | D:13     | Reached skill level 10 in Staves
 29219 | D:13     | Reached skill level 10 in Slings
 29219 | D:13     | Reached skill level 10 in Bows
 29219 | D:13     | Reached skill level 10 in Crossbows
 29219 | D:13     | Reached skill level 10 in Throwing
 29219 | D:13     | Reached skill level 10 in Armour
 29219 | D:13     | Reached skill level 10 in Shields
 29219 | D:13     | Reached skill level 10 in Unarmed Combat
 29219 | D:13     | Reached skill level 10 in Spellcasting
 29219 | D:13     | Reached skill level 10 in Evocations
 30205 | D:13     | Found a gate to the Vaults.
 30966 | D:14     | Noticed Nessos
 30981 | D:14     | Killed Nessos
 31141 | D:14     | Found a runed translucent gate.
 31142 | D:14     | Found a runed translucent gate.
 31142 | D:14     | Noticed ryw's ghost (journeyman DgSu)
 31143 | D:14     | Found a runed translucent gate.
 31143 | D:14     | Noticed an orc warlord
 31301 | D:14     | Found a glowing golden altar of the Shining One.
 32609 | D:4      | Found a staircase to the Ecumenical Temple.
 33080 | D:3      | Killed Naeght's ghost
 33284 | Orc:1    | Entered Level 1 of the Orcish Mines
 33287 | Orc:1    | Noticed Josephine
 33302 | Orc:1    | Killed Josephine
 33815 | Orc:2    | Entered Level 2 of the Orcish Mines
 33815 | Orc:2    | Found Honem's Distillery.
 34358 | Orc:2    | Bought a potion of curing for 36 gold pieces
 34358 | Orc:2    | Bought a potion of haste for 120 gold pieces
 34358 | Orc:2    | Bought a potion of haste for 120 gold pieces
 34358 | Orc:2    | Bought a potion of heal wounds for 60 gold pieces
 34358 | Orc:2    | Bought a potion of mutation for 96 gold pieces
 34358 | Orc:2    | Bought a potion of mutation for 96 gold pieces
 34387 | Orc:2    | Bought a potion of cancellation for 96 gold pieces
 34400 | Orc:2    | Found Xoz Zek Los's Antique Armour Emporium.
 34460 | Orc:2    | Noticed an orc warlord
 34461 | Orc:2    | Found Resug's Book Boutique.
 34700 | Orc:1    | Found Meurei's Book Boutique.
 34827 | Orc:2    | Found Ego Alip's Antique Weapon Boutique.
 34827 | Orc:2    | Found Oschyin's Weapon Shop.
 35289 | Orc:2    | Killed an orc warlord
 35290 | Orc:2    | Reached XP level 16. HP: 69/127 MP: 30/30
 35752 | Orc:2    | Found Zugg's Antique Armour Boutique.
 35951 | Orc:2    | Found Xoifakua's General Store.
 36099 | Orc:2    | Found Tokleo's Book Shoppe.
 36153 | Orc:2    | Noticed Necsenou's ghost (journeyman GnWn)
 36223 | Orc:2    | Bought a scroll of teleportation for 48 gold pieces
 36223 | Orc:2    | Bought a potion of mutation for 128 gold pieces
 36223 | Orc:2    | Found a staircase to the Elven Halls.
 36447 | Orc:2    | Found a runed translucent gate.
 36458 | Orc:2    | Found a runed translucent gate.
 36458 | Orc:2    | Found a runed translucent gate.
 36481 | Orc:2    | Found Liampink's Jewellery Emporium.
 36492 | Orc:2    | Bought a +4 ring of slaying for 858 gold pieces
 36549 | Orc:2    | Killed Necsenou's ghost
 36782 | Swamp:1  | Entered Level 1 of the Swamp
 37794 | Spider:1 | Entered Level 1 of the Spider Nest
 42525 | Swamp:2  | Reached XP level 17. HP: 119/135 MP: 32/32
 42567 | Swamp:2  | Upgraded the game from 0.27.0-1-g7a089689b8 to
                  | 0.27.0-66-gdc8fb28755
 42902 | Swamp:2  | Noticed Jorgrun
 42922 | Swamp:2  | Killed Jorgrun
 44589 | Swamp:3  | Found the +8 autumn katana {vorpal, Clar}
 44601 | Swamp:3  | Reached XP level 18. HP: 143/143 MP: 33/33
 45059 | Swamp:4  | Entered Level 4 of the Swamp
 45133 | Swamp:4  | Upgraded the game from 0.27.0-66-gdc8fb28755 to 0.27.1
 45133 | Swamp:4  | HP: 3/143 [bog body] (33)]
 46277 | Swamp:3  | Reached skill level 10 in Conjurations
 46277 | Swamp:3  | Reached skill level 10 in Hexes
 46277 | Swamp:3  | Reached skill level 10 in Summonings
 46277 | Swamp:3  | Reached skill level 10 in Necromancy
 46277 | Swamp:3  | Reached skill level 10 in Translocations
 46277 | Swamp:3  | Reached skill level 10 in Transmutations
 46277 | Swamp:3  | Reached skill level 10 in Fire Magic
 46277 | Swamp:3  | Reached skill level 10 in Ice Magic
 46277 | Swamp:3  | Reached skill level 10 in Air Magic
 46277 | Swamp:3  | Reached skill level 10 in Earth Magic
 46277 | Swamp:3  | Reached skill level 10 in Poison Magic
 46666 | Swamp:4  | Noticed the 27-headed Lernaean hydra
 47190 | Swamp:4  | Killed the 27-headed Lernaean hydra
 47244 | Swamp:4  | Got a decaying rune of Zot
 47985 | Swamp:4  | Identified the +7 flail "Uniavan" {pain, rC+}
 48987 | D:10     | Bought the ring of the Raven {rN+ Dex+6 SInv} for 543 gold
                  | pieces
 50309 | Spider:2 | Reached XP level 19. HP: 150/150 MP: 35/35
 52623 | Spider:4 | Entered Level 4 of the Spider Nest
 53054 | Spider:4 | Found a runed translucent gate.
 53055 | Spider:4 | Found a runed translucent gate.
 53056 | Spider:4 | Found a runed translucent gate.
 53060 | Spider:4 | Noticed benadryl's ghost (adept GrFi)
 53327 | Spider:4 | Paralysed by a hornet for 3 turns
 54847 | Spider:4 | Identified the +11 scythe of Plunder {vorpal, *Rage rN+
                  | Will+}
 55062 | Spider:4 | Got a gossamer rune of Zot
 55229 | Spider:4 | Learned a level 2 spell: Wereblood
 55260 | Spider:4 | Killed benadryl's ghost
 55296 | Spider:4 | Identified the +5 rapier "Ixuf" {drain, rCorr Str-2 Dex+9
                  | SInv}
 56433 | D:14     | Killed ryw's ghost
 56565 | D:15     | Entered Level 15 of the Dungeon
 56720 | D:15     | Identified the +7 mace of Instant Death {drain, *Rage rC+
                  | Int+4}
 57006 | D:15     | Reached XP level 20. HP: 104/159 MP: 36/36
 57255 | D:15     | Found Gikkam's General Store.
 57269 | D:15     | Bought a potion of invisibility for 160 gold pieces
 57269 | D:15     | Bought 2 scrolls of magic mapping for 140 gold pieces
 57269 | D:15     | Bought a wand of iceblast (9) for 260 gold pieces
 57385 | D:15     | Found a staircase to the Depths.
 57819 | Vaults:1 | Entered Level 1 of the Vaults
 58465 | Vaults:1 | You fall into a shaft and drop 1 floor!
 58841 | Vaults:2 | Found Uruajeg's Weapon Emporium.
 60838 | Vaults:3 | Noticed Donald
 61941 | Vaults:2 | HP: 6/160 [Donald (28)]
 61941 | Vaults:2 | HP: 2/160 [Donald (4)]
 63006 | Vaults:1 | Identified the +9 flail of Leanetuch {venom, Fly rC- rCorr
                  | Int+2}
 63922 | Vaults:1 | Reached XP level 21. HP: 140/166 MP: 38/38
 64452 | Vaults:2 | Killed Donald
 64881 | Vaults:3 | Cast into level 3 of the Abyss (a wizard)
 64893 | Abyss:3  | Learned a level 1 spell: Apportation
 64896 | Abyss:3  | Learned a level 2 spell: Passwall
 64900 | Abyss:3  | Learned a level 3 spell: Swiftness
 64902 | Abyss:3  | Learned a level 1 spell: Animate Skeleton
 65533 | Abyss:4  | Paralysed by a great orb of eyes for 4 turns
 65676 | Vaults:3 | Escaped the Abyss
 66042 | Vaults:2 | Cast into level 2 of the Abyss (a wizard)
 67270 | Vaults:2 | Escaped the Abyss
 67993 | Vaults:3 | Reached skill level 15 in Fighting
 67993 | Vaults:3 | Reached skill level 15 in Maces & Flails
 67993 | Vaults:3 | Reached skill level 15 in Dodging
 68189 | Vaults:3 | Found a staircase to the Crypt.
 68940 | Vaults:4 | Reached skill level 15 in Invocations
 69682 | Vaults:5 | Entered Level 5 of the Vaults
 69773 | Vaults:4 | Paralysed by a sphinx for 5 turns
 69782 | Vaults:4 | Reached XP level 22. HP: 58/175 MP: 40/40
 70233 | Vaults:5 | Paralysed by a floating eye for 4 turns
 70243 | Vaults:5 | Slain by a stone giant

Illustrated notes

Levels and vault maps discovered:
D:1:      minmay_arrival_wavy_path, layout_loops_ring
D:2:      layout_loops_corners, hellmonk_ecumenical_altar_leap_of_faith,
          chequers_serial_rivers_large_b
D:3:      layout_loops_ring, nicolae_yredelemnul_ghost_church
D:4:      layout_loops_corners, lemuel_crystal_altar,
          nicolae_overflow_crystal_walls, minmay_temple_entry_nine_rooms,
          serial_aquarium, aquarium_bridge_square [aquarium_subvault_bridge,
          aquarium_subvault_balcony, aquarium_subvault_wall,
          aquarium_subvault_bridge], aquarium_bridge_long_separate
          [aquarium_subvault_balcony, aquarium_subvault_bridge,
          aquarium_subvault_wall, aquarium_subvault_balcony,
          aquarium_subvault_bridge, aquarium_subvault_bridge],
          aquarium_window_fake, aquarium_window_3, aquarium_window_1,
          aquarium_window_fake, aquarium_view_4,
          hangedman_decor_clover_reticule, uniq_robin
D:5:      layout_gridville, lemuel_doored_altar,
          nicolae_ossuary_entry_catacombs, lightli_minifort
D:6:      layout_loops_ring, uniq_edmund
D:7:      minmay_the_grid_plus [minmay_the_grid_doors, minmay_the_grid_all_tris,
          minmay_the_grid_minigrid_small, minmay_the_grid_minigrid_medium,
          minmay_the_grid_prize_four_corners], layout_basic, demons_altar,
          uniq_maggie
D:8:      layout_loops_corners, serial_shops, shop, nicolae_shop_behind_doors,
          kb_rosetta
D:9:      layout_loops_ring, due_lair_maze_entry_diamond, hangedman_glass_teeth,
          minmay_ruined_shrine
D:10:     layout_stronghold, nicolae_trove_entry_crystal, serial_shops,
          nicolae_shop_behind_doors, nicolae_lakefront_shop,
          nicolae_stop_n_shop_1, nicolae_shop_waterfront, nicolae_diamond_shop,
          serial_undead, serial_undead_b, serial_undead_e, serial_undead_b,
          serial_undead_f, minmay_fractal_squares_5
D:11:     layout_layer_cave, erik_orc_1, serial_shops, nicolae_shop_trees
D:12:     layout_roguey
D:13:     layout_stronghold, grunt_vaults_entry_tiered
D:14:     layout_cross, nicolae_tso_swordbearing_angel,
          biasface_ghost_orc_armoury, uniq_nessos
D:15:     grunt_enter_depths_hoard, layout_rooms, serial_shops,
          nicolae_shop_waterfront, chequers_serial_rivers_marsh,
          chequers_serial_rivers_room_b, grunt_decor_resistance, drop_trap,
          billiards_dpeg
Lair:1:   layout_cave_pods, grunt_megastairs_3, uniq_grum
Lair:2:   layout_roguey, lightli_volcano_entry_magma_tube, serial_rivers,
          chequers_serial_rivers_marsh, chequers_serial_rivers_micro_d,
          chequers_serial_rivers_micro_c, chequers_serial_rivers_micro_c,
          chequers_serial_rivers_room_a
Lair:3:   layout_cave_pods, swamp_mist, lemuel_oklob_altar, serial_bayou_shore_b
Lair:4:   layout_roguey, dummy_spider_entry
Lair:5:   layout_gridlike, st_stairs_8, infiniplex_staircase_pool
Lair:6:   minmay_lair_end_frog_pond, layout_regular_city,
          dpeg_slime_entry_enclosed_altar, serial_bayou_shore_b, uniq_kirke
Swamp:1:  layout_basic_swamp, nicolae_swamp_bean_lake
Swamp:2:  layout_basic_swamp, evilmike_swamp_ruin_house_3, swamp_pool1,
          uniq_jorgrun
Swamp:3:  layout_falls_marsh, serial_swamp_ruin, evilmike_swamp_ruin_rubble_2,
          evilmike_swamp_ruin_house_2, infiniplex_staircase_pool_2
Swamp:4:  grunt_swamp_rune_castle, layout_basic_swamp, swamp_pool2,
          ldierk_geyser
Spider:1: layout_spider_delve
Spider:2: layout_spider_delve
Spider:3: layout_spider_delve
Spider:4: guppyfry_spider_rune, gammafunk_ghost_split,
          nicolae_spider_checkerboard
Orc:1:    layout_caves, serial_shops, shop, uniq_josephine
Orc:2:    grunt_orc_gardens, layout_caves, grunt_orc_garden, grunt_orc_garden,
          grunt_orc_garden, grunt_orc_garden, serial_shops,
          nicolae_shop_crystal, shop,
          nicolae_shop_temple_entry_statues_fountains, nicolae_lakefront_shop,
          shop, maelrawn_ghost_gauntlet_escape, nicolae_orc_rockfall
Vaults:1: vaults_dpeg_spiral, vaults_dpeg_diagonal, ontoclasm_vaults_shuriken,
          v_misc_29, vaults_dpeg_hooks, nicolae_vaults_c_with_doors,
          hangedman_vaults_stretched_pinwheel, dpeg_vaults_monster_row,
          v_alt_pattern_6, vaults_mumra_minichess, nicolae_vaults_little_ls,
          hangedman_vaults_stagger, serial_ice_h, ontoclasm_vaults_ring_small,
          vaults_room_door_ring, layout_vaults_omnicross
Vaults:2: nicolae_vaults_quadrants, grunt_vaults_hallway_short, v_alt_pattern_6,
          v_misc_25, vaults_mumra_chevron_long, vaults_room_large_hall,
          dpeg_vaults_monster_box, v_pattern_1, layout_vaults_quadrants,
          serial_shops, shop_statue
Vaults:3: vaults_room_door_ring, nicolae_vaults_meeting,
          nicolae_vaults_diagonal_hallway_8, blue_anna_dwarven_crypt,
          nicolae_vaults_ring_of_whatevers, vaults_room_door_hall,
          ontoclasm_vaults_chip, nicolae_vaults_little_squares_3,
          layout_vaults_big_room, uniq_donald
Vaults:4: hangedman_vaults_restitches, hangedman_vaults_unwind,
          nicolae_vaults_angled_halls, v_misc_18, grunt_vaults_hallway_long,
          ontoclasm_vaults_claustrophobia, vaults_room_door_ring,
          v_alt_pattern_3, ontoclasm_vaults_chip, ontoclasm_vaults_ligature,
          layout_vaults_omnibox
Vaults:5

Skill      XL: |  1  2  3  4  5  6  7  8  9 10 11 12 13 14 15 16 17 18 19 20 21 |
---------------+----------------------------------------------------------------+-----
Invocations    | 1 2 3 4 5 6 7 8 9 10 11 12 13 14 15 | 15.2
Short Blades   | 1 2 3 4 5 6 7 8 9 10 11 12 13 14 | 14.1
Long Blades    | 1 2 3 4 5 6 7 8 9 10 11 12 13 14 | 14.1
Axes           | 1 2 3 4 5 6 7 8 9 10 11 12 13 14 | 14.1
Polearms       | 1 2 3 4 5 6 7 8 9 10 11 12 13 14 | 14.1
Staves         | 1 2 3 4 5 6 7 8 9 10 11 12 13 14 | 14.1
Slings         | 1 2 3 4 5 6 7 8 9 10 11 12 13 14 | 14.1
Bows           | 1 2 3 4 5 6 7 8 9 10 11 12 13 14 | 14.1
Crossbows      | 1 2 3 4 5 6 7 8 9 10 11 12 13 14 | 14.1
Throwing       | 1 2 3 4 5 6 7 8 9 10 11 12 13 14 | 14.1
Armour         | 1 2 3 4 5 6 7 8 9 10 11 12 13 14 | 14.1
Shields        | 1 2 3 4 5 6 7 8 9 10 11 12 13 14 | 14.1
Unarmed Combat | 1 2 3 4 5 6 7 8 9 10 11 12 13 14 | 14.1
Spellcasting   | 1 2 3 4 5 6 7 8 9 10 11 12 13 14 | 14.1
Evocations     | 1 2 3 4 5 6 7 8 9 10 11 12 13 14 | 14.1
Conjurations   | 1 2 3 4 5 6 7 8 9 10 11 12 | 12.1
Hexes          | 1 2 3 4 5 6 7 8 9 10 11 12 | 12.1
Summonings     | 1 2 3 4 5 6 7 8 9 10 11 12 | 12.1
Necromancy     | 1 2 3 4 5 6 7 8 9 10 11 12 | 12.1
Translocations | 1 2 3 4 5 6 7 8 9 10 11 12 | 12.1
Transmutations | 1 2 3 4 5 6 7 8 9 10 11 12 | 12.1
Fire Magic     | 1 2 3 4 5 6 7 8 9 10 11 12 | 12.1
Ice Magic      | 1 2 3 4 5 6 7 8 9 10 11 12 | 12.1
Air Magic      | 1 2 3 4 5 6 7 8 9 10 11 12 | 12.1
Earth Magic    | 1 2 3 4 5 6 7 8 9 10 11 12 | 12.1
Poison Magic   | 1 2 3 4 5 6 7 8 9 10 11 12 | 12.1
Fighting       | 7 8 9 10 11 12 13 14 15 | 15.2
Maces & Flails | 7 8 9 10 11 12 13 14 15 | 15.2
Dodging        | 7 8 9 10 11 12 13 14 15 | 15.2
Stealth        | 5 6 7 8 9 10 11 12 13 14 | 14.6

Action                   |  1- 3 |  4- 6 |  7- 9 | 10-12 | 13-15 | 16-18 | 19-21 | 22-24 || total
-------------------------+-------+-------+-------+-------+-------+-------+-------+-------++-------
Melee: Mace              |   102 |    19 |    10 |     8 |       |       |       |       ||   139
       Bite              |     5 |    20 |    75 |   101 |   182 |   130 |   270 |     6 ||   789
       Flail             |       |   203 |   637 |   197 |       |       |       |       ||  1037
       Punch             |       |     1 |     5 |       |       |       |       |       ||     6
       Morningstar       |       |       |       |   661 |  1853 |   787 |       |       ||  3301
       Unarmed           |       |       |       |       |    15 |       |       |       ||    15
       Katana            |       |       |       |       |       |   277 |  1836 |    58 ||  2171
Throw: Stone             |       |       |    17 |       |       |       |       |       ||    17
       Boomerang         |       |       |       |    10 |       |    86 |   165 |     6 ||   267
       Dart              |       |       |       |    17 |    16 |    30 |     8 |     1 ||    72
       Javelin           |       |       |       |       |       |     8 |     3 |     5 ||    16
 Cast: Wereblood         |       |       |       |       |       |       |    29 |     2 ||    31
       Apportation       |       |       |       |       |       |       |     2 |       ||     2
Invok: Potion Petition   |       |       |       |       |       |     2 |     2 |     2 ||     6
       Bribe Branch      |       |       |       |       |       |       |     1 |       ||     1
Evoke: Wand              |       |       |     1 |       |    22 |    89 |    26 |     3 ||   141
       Box of beasts     |       |       |       |       |       |       |     2 |       ||     2
  Use: Scroll            |       |     7 |     5 |     8 |     7 |    12 |     7 |     3 ||    49
       Potion            |       |       |       |     2 |     6 |    14 |    11 |     1 ||    34
 Stab: Sleeping          |     7 |     3 |     4 |       |     7 |     2 |     8 |       ||    31
       Distracted        |       |       |     1 |     6 |     9 |     7 |    20 |       ||    43
       Held in net/web   |       |       |       |       |       |       |     1 |       ||     1
       Paralysed         |       |       |       |       |       |       |     9 |       ||     9
       Invisible         |       |       |       |       |       |       |     5 |     1 ||     6
Armor: Robe              |    16 |       |       |       |       |       |       |       ||    16
       Ring mail         |    11 |    66 |   114 |       |       |       |       |       ||   191
       Scale mail        |       |       |   112 |       |       |       |       |       ||   112
       Plate armour      |       |       |    22 |   575 |  1129 |   975 |   798 |    24 ||  3523
Dodge: Dodged            |    73 |   163 |   290 |   134 |   413 |   376 |   420 |    13 ||  1882
Block: Kite shield       |       |       |   311 |   666 |  1648 |  1105 |  1398 |    44 ||  5172
       Other             |       |       |     9 |       |     2 |       |       |       ||    11
       Reflection        |       |       |    10 |    13 |    18 |     6 |    43 |     3 ||    93
       Rpst.: Katana     |       |       |       |       |       |    18 |    71 |     2 ||    91
